cohdb
Replays
Latest Replays
All Replays
Popular Replays
Top Player Replays
Match Explorer
How It Works
Community
CoH3 Stats
Reddit
Sign in to upload your games and track your stats! →
Sign in with Steam
Match 41127305
Unlisted
Match 41127305
Overview
Messages
Build Orders
End
Royal Engineer Section
Selects Canadian Shock Battlegroup
Construct Section Command Post
Infantry Section
Vickers Machine Gun Team
Infantry Section
Construct Platoon Command Post
Selects Attacking Spirit
Humber Armored Car
Construct Field Infirmary
Selects Incendiary Munitions
6-pounder Anti-tank Gun Team
Grenade Package
Infantry Training
Vickers Machine Gun Team
Team Weapon Training
Selects Canadian Shock Section
Selects Pyrotechnics
Construct Company Command Post
WARNING ORDER: ZULU!!!
FeriG
0
0
Comments
sign in to comment!
No comments posted yet!